 Dungeon Crawl Stone Soup version 0.23.2-1-ga50397a (webtiles) character file.

Game seed: 4668979487061663546

3668 kae the Destroyer (level 10, -2/87 HPs)
             Began as a Tengu Fire Elementalist on Apr 23, 2019.
             Was a Believer of Ru.
             Engulfed by a cloud of flame (4 damage)
             ... on level 8 of the Dungeon.
             The game lasted 00:15:45 (10135 turns).

kae the Destroyer (Tengu Fire Elementalist)        Turns: 10135, Time: 00:15:47

Health: -2/87      AC: 25    Str:  8    XL:     10   Next: 12%
Magic:  18/20      EV:  2    Int: 20    God:    Ru [**....]
Gold:   396        SH:  5    Dex: 14    Spells: 3/21 levels left

rFire    + + .     SeeInvis .   t - +1 whip (freeze)
rCold    . . .     Gourm    .   (no shield)
rNeg     + + +     Faith    .   (armour currently unavailable)
rPois    +         Spirit   .   (helmet currently unavailable)
rElec    +         Reflect  +   (cloak currently unavailable)
rCorr    +         Harm     .   (gloves currently unavailable)
MR       .....     NoTele   +   (boots unavailable)
Stlth    ++........             g - +5 amulet of reflection
HPRegen  1.24/turn              l - ring of wizardry
MPRegen  0.17/turn              y - ring of fire

@: tree-form, resistant, regenerating
A: inability to use devices, able to fly
a: Fly, Renounce Religion


You were on level 8 of the Dungeon.
You worshipped Ru.
Ru was pleased with you.
You were not hungry.
You were a tree.
You visited 2 branches of the dungeon, and saw 9 of its levels.

You collected 396 gold pieces.

Inventory:

Hand Weapons
 d - a +0 whip
 t - a +1 whip of freezing (weapon)
 u - a +4 flail of crushing
Armour
 a - a +0 robe (melded)
 h - a +2 pair of gloves of archery (melded)
 s - a +0 cloak (melded)
Jewellery
 g - a +5 amulet of reflection (around neck)
 k - a +3 ring of strength
 l - a ring of wizardry (left branch)
 w - a +4 ring of protection
 x - an uncursed ring of positive energy
 y - a ring of fire (right branch)
Scrolls
 m - 2 scrolls of remove curse
 o - a scroll of enchant armour
 p - a scroll of teleportation
Potions
 f - 3 potions of mutation
 j - 2 potions of agility
 n - a potion of might
 q - a potion of flight
 r - a potion of haste
Comestibles
 c - 9 rations
 A - a chunk of flesh


   Skills:
 - Level 4.4 Fighting
 + Level 3.3 Armour
 + Level 4.2 Dodging
 - Level 2.0 Stealth
 - Level 6.3 Spellcasting
 - Level 9.9 Conjurations
 - Level 9.0 Fire Magic


You had 3 spell levels left.
You knew the following spells:

 Your Spells              Type           Power        Failure   Level  Hunger
a - Flame Tongue          Conj/Fire      #####        1%          1    None
b - Throw Flame           Conj/Fire      ######       1%          2    None
c - Conjure Flame         Conj/Fire      ######..     1%          3    ##.....
d - Sticky Flame          Conj/Fire      ######..     1%          4    ####...
e - Fireball              Conj/Fire      ######....   2%          5    #####..
f - Regeneration          Chrm/Necr      #.........   12%         3    ##.....

Your spell library contained the following spells:

 Spells                   Type           Power        Failure   Level  Hunger
 Inner Flame              Hex/Fire       #####...     1%          3    ##.....
 Animate Skeleton         Necr           N/A          4%          1    None
 Apportation              Tloc           #.....       4%          1    None
 Confusing Touch          Hex            #.....       4%          1    None
 Pain                     Necr           #...         4%          1    None
 Summon Small Mammal      Summ           #...         4%          1    None
 Vampiric Draining        Necr           #.........   12%         3    ##.....
 Animate Dead             Necr           N/A          36%         4    ####...


Dungeon Overview and Level Annotations

Branches:
Dungeon (8/15)             Temple (1/1) D:5
   Lair: D:8-11

Altars:
Ashenzari
Cheibriados
Dithmenos
Elyvilon
Fedhas
Gozag
Hepliaklqana
Kikubaaqudgha
Makhleb
Nemelex Xobeh
Okawaru
Qazlal
Ru
Sif Muna
Uskayaw
Vehumet
Wu Jian
Yredelemnul
Zin
The Shining One

Annotations:
D:8 Psyche


Innate Abilities, Weirdness & Mutations

((You have a beak for a mouth.))
((You have claws for feet.))
You cannot study or use magical devices.
You can fly continuously.


Message History

Psyche says, "I'm a bad girl, but I can't do anything about it."
The centaur hits you.
* * * LOW HITPOINT WARNING * * *
Psyche miscasts a cantrip.
The centaur hits you but does no damage.
You closely miss the centaur.
The centaur is severely wounded.
You are engulfed in blazing flames.
You resist.
* * * LOW HITPOINT WARNING * * *
The centaur hits you.
* * * LOW HITPOINT WARNING * * *
Okay, then.
Casting: Flame Tongue (safe; 1% risk of failure)
Confirm with . or Enter, or press ? or * to list all spells.
Your skin crawls.
You are engulfed in blazing flames.
You resist.
* * * LOW HITPOINT WARNING * * *
The centaur hits you but does no damage. x2
It was a potion of magic.
Magic courses through your body.
You are engulfed in blazing flames.
You resist.
You die...

#c#
################.##
(.................#
...(.....#######..#
########.#######.h#
#.#........#
#.#.######.#
#.#.######)# #..#..
#.#.@c♣☼§yy# ###
#..#.#
#.##################.#
##..#.#
#.#..................#
......#
#.#.#..###############
......# #.#.#..#
......# #.#.#..#
@.....# #.#.#..######
#.# #.#.#.......# #
#.#####.#.#.#####[#


You could see Psyche (inner flame), a centaur (inner flame) and 2 killer bees.

Vanquished Creatures
  Pikel (D:8)
  Grinder (D:6)
  A hippogriff (D:7)
  Eustachio (D:6)
  Edmund (D:6)
  A sky beast (D:6)
  3 orc warriors
  3 ice beasts
  2 ogres (D:4)
  3 slaves (D:8)
  2 phantoms (D:4)
  2 centaurs
  2 scorpions
  2 killer bees (D:8)
  7 wights
  A howler monkey (D:8)
  2 crimson imps
  2 bullfrog zombies
  A hound (D:5)
  A jelly (D:7)
  5 orc wizards
  3 orc priests
  2 centaur skeletons
  3 iguanas
  Jessica (D:3)
  9 worker ants
  A killer bee zombie (D:5)
  A mummy (D:4)
  A gnoll (D:1)
  5 adders
  A shadow imp (D:8)
  2 oozes
  An adder skeleton (D:4)
  A worm (D:4)
  4 dart slugs
  2 leopard geckos
  15 orcs
  6 giant cockroaches
  8 goblins
  9 hobgoblins
  2 jackals (D:3)
  4 quokkas
  7 bats
  5 frilled lizards
  3 hobgoblin zombies (D:4)
  9 kobolds
  A kobold zombie (D:4)
  2 quokka zombies
  8 rats
160 creatures vanquished.

Vanquished Creatures (others)
  A slave (D:8)
1 creature vanquished.

Grand Total: 161 creatures vanquished

Notes
Turn   | Place    | Note
-------+----------+-------------------------------------------
     0 | D:1      | kae the Tengu Fire Elementalist began the quest for the
                  | Orb.
     0 | D:1      | Reached XP level 1. HP: 10/10 MP: 4/4
   292 | D:1      | Reached XP level 2. HP: 14/15 MP: 1/6
   500 | D:1      | Reached XP level 3. HP: 19/19 MP: 4/7
   504 | D:1      | Learned a level 2 spell: Throw Flame
   508 | D:1      | Learned a level 3 spell: Conjure Flame
  1095 | D:2      | Reached XP level 4. HP: 24/24 MP: 4/8
  1195 | D:2      | Found a burning altar of Makhleb.
  1195 | D:2      | Found a basalt altar of Yredelemnul.
  1405 | D:2      | Found a faded altar of an unknown god.
  1958 | D:3      | Noticed Jessica
  2102 | D:3      | Killed Jessica
  2102 | D:3      | Reached skill level 5 in Fire Magic
  2102 | D:3      | Gained mutation: You can fly continuously. [Tengu growth]
  2102 | D:3      | Reached XP level 5. HP: 28/28 MP: 5/9
  2524 | D:3      | Reached skill level 5 in Conjurations
  2887 | D:3      | Found an ornate altar of the Wu Jian Council.
  2963 | D:4      | Noticed an ogre
  2963 | D:4      | Noticed a phantom
  2976 | D:4      | Noticed a centaur
  2985 | D:4      | Killed a centaur
  2985 | D:4      | Reached XP level 6. HP: 6/32 MP: 2/10
  3545 | D:4      | Learned a level 4 spell: Sticky Flame
  3587 | D:4      | Reached XP level 7. HP: 36/36 MP: 1/12
  4787 | D:4      | Reached XP level 8. HP: 28/41 MP: 1/15
  5011 | D:5      | Entered Level 5 of the Dungeon
  5293 | D:5      | Found a staircase to the Ecumenical Temple.
  5314 | Temple   | Entered the Ecumenical Temple
  5335 | Temple   | Became a worshipper of Ru the Awakened
  6036 | D:5      | Reached skill level 1 in Fighting
  6438 | D:6      | Found an opulent altar of Gozag.
  6585 | D:6      | Reached skill level 5 in Spellcasting
  6925 | D:6      | Reached XP level 9. HP: 49/49 MP: 11/17
  7002 | D:6      | Noticed Edmund
  7007 | D:6      | Noticed Eustachio
  7253 | D:6      | Gained mutation: You cannot study or use magical devices.
                  | [Ru sacrifice]
  7253 | D:6      | Reached * piety under Ru
  7253 | D:6      | Reached ** piety under Ru
  7297 | D:6      | Noticed Grinder
  7306 | D:6      | Killed Grinder
  7678 | D:6      | Learned a level 5 spell: Fireball
  7682 | D:6      | Learned a level 3 spell: Regeneration
  7693 | D:6      | Killed Edmund
  7806 | D:6      | Killed Eustachio
  9495 | D:7      | Found a radiant altar of Vehumet.
  9543 | D:8      | Noticed Pikel
  9604 | D:8      | Killed Pikel
  9604 | D:8      | Reached XP level 10. HP: 48/58 MP: 6/20
  9757 | D:8      | Noticed Psyche
 10133 | D:8      | HP: 4/87 [cloud of flame (3)]
 10134 | D:8      | HP: 1/87 [cloud of flame (2)]
 10135 | D:8      | Engulfed by a cloud of flame

Skill      XL: |  1  2  3  4  5  6  7  8  9 10 |
---------------+-------------------------------+-----
Conjurations   | 2 3 4 5 6 7 8 9 |  9.9
Fire Magic     | 4 5 6 7 9 |  9.0
Spellcasting   | 3 4 5 6 |  6.3
Fighting       | 2 4 |  4.4
Armour         | 2 3 |  3.3
Dodging        | 3 4 |  4.2
Stealth        | |  2.0

Action                   |  1- 3 |  4- 6 |  7- 9 | 10-12 || total
-------------------------+-------+-------+-------+-------++-------
Melee: Unarmed           |     5 |       |       |       ||     5
       Kick              |     7 |     1 |    11 |     4 ||    23
       Whip              |    19 |    14 |    40 |    30 ||   103
       Peck              |     4 |     4 |     5 |     4 ||    17
       Flail             |       |       |    23 |       ||    23
 Cast: Flame Tongue      |    45 |    70 |   236 |    11 ||   362
       Throw Flame       |       |    23 |    51 |       ||    74
       Conjure Flame     |       |     1 |     7 |     1 ||     9
       Sticky Flame      |       |       |     8 |     2 ||    10
       Fireball          |       |       |     2 |       ||     2
       Regeneration      |       |       |       |     1 ||     1
Invok: Sacrifice Artific |       |       |     1 |       ||     1
  Use: Scroll            |     2 |     7 |     9 |     1 ||    19
       Potion            |       |     1 |     1 |     4 ||     6
 Stab: Sleeping          |     1 |     1 |     1 |     1 ||     4
  Eat: Chunk             |       |     8 |    13 |       ||    21
       Ration            |       |     1 |     2 |     1 ||     4
Armor: Robe              |    10 |     8 |    21 |     6 ||    45
       Skin              |       |       |    25 |     9 ||    34
Dodge: Dodged            |    29 |    20 |    55 |    23 ||   127
Block: Other             |       |    12 |    27 |    16 ||    55
       Reflection        |       |     1 |     1 |     1 ||     3
